 Dungeon Crawl Stone Soup version 0.23-a0-54-gae6112e (webtiles) character file.

156 topirishpotato the Insei (level 5, 0/33 HPs)
             Began as an Octopode Transmuter on Aug 8, 2018.
             Succumbed to a water moccasin's poison
             ... on level 3 of the Dungeon.
             The game lasted 00:09:06 (3328 turns).

topirishpotato the Insei (Octopode Transmuter)      Turns: 3328, Time: 00:09:06

Health: 0/33       AC:  1    Str:  9    XL:     5   Next: 37%
Magic:  7/8        EV: 14    Int: 16    God:
Gold:   169        SH:  0    Dex: 13    Spells: 5/8 levels left

rFire    . . .     SeeInvis .     - Unarmed
rCold    . . .     Gourm    .   (no shield)
rNeg     . . .     Faith    .   (helmet restricted)
rPois    .         Spirit   .   (no amulet)
rElec    .         Reflect  .   (no ring)
rCorr    .         Harm     .   (no ring)
MR       .....                  (no ring)
Stlth    ++........             (no ring)
HPRegen  0.11/turn              (no ring)
MPRegen  0.11/turn              (no ring)
                                (no ring)
                                (no ring)

@: lethally poisoned (0 -> -23), appendage
A: almost no armour, stealthy swim, amphibious, 8 rings, constrict 8, tentacle
spike 3, camouflage 1, gelatinous body 1
a: End Transformation


You were on level 3 of the Dungeon.
You were hungry.
One of your tentacles had a temporary spike.
You visited 1 branch of the dungeon, and saw 4 of its levels.

You collected 169 gold pieces.

Inventory:

Missiles
 a - 59 arrows
 g - 65 stones (quivered)
Scrolls
 b - 2 scrolls of magic mapping {unknown}
 i - a scroll of identify {unknown}
 j - a scroll of immolation {unknown}
 l - a scroll of amnesia {unknown}
 o - a scroll of noise {unknown}
Potions
 d - 2 potions of resistance {unknown}
 e - a potion of flight {unknown}
 f - a potion of agility
 h - a potion of cancellation {unknown}
 k - a potion of brilliance {unknown}
 m - a potion of might {unknown}
 n - a potion of curing {unknown}
 p - a potion of degeneration {unknown}
Comestibles
 c - 8 rations


   Skills:
 - Level 1.0 Fighting
 + Level 2.7 Dodging
 + Level 4.7 Unarmed Combat
 - Level 2.0 Spellcasting
 + Level 3.3 Transmutations


You had 5 spell levels left.
You knew the following spells:

 Your Spells              Type           Power        Failure   Level  Hunger
a - Beastly Appendage     Tmut           ##....       5%          1    #......
b - Sticks to Snakes      Tmut           ##......     8%          2    ###....

Your spell library contained the following spells:

 Spells                   Type           Power        Failure   Level  Hunger
 Spider Form              Tmut/Pois      #.........   30%         3    ###....
 Blade Hands              Tmut           ##........   82%         5    ######.
 Ice Form                 Ice/Tmut       #.......     71%         4    #####..


Dungeon Overview and Level Annotations

Branches:
Dungeon (4/15)
 Temple: D:4-7

Altars:
Ashenzari


Innate Abilities, Weirdness & Mutations

You cannot wear most types of armour.
You are very stealthy in the water. (Stealth+)
You are amphibious.
You can wear up to eight rings at the same time.
You can use your tentacles to constrict eight enemies at once.
Your skin changes colour to match your surroundings (Stealth+).
Your rubbery body absorbs attacks. (AC +1, EV +1)
One of your tentacles bears a large vicious spike.


Message History

The water moccasin is severely wounded.
You constrict the water moccasin. The water moccasin bites you!
A worker ant comes into view.
The worker ant twitches its antennae in your direction.
You tentacle-slap the water moccasin.
You squeeze the water moccasin, but do no damage.
The water moccasin is almost dead.
You constrict the water moccasin. The water moccasin bites you!
You are lethally poisoned!
The water moccasin poisons you! The water moccasin bites you.
* * * LOW HITPOINT WARNING * * *
You are more poisoned.
The water moccasin poisons you!
You can't go down here!
You release your grip on the water moccasin.
* * * LOW HITPOINT WARNING * * *
You feel sick. The water moccasin bites you.
* * * LOW HITPOINT WARNING * * *
You climb upwards.
You die...

.......................#
.........#.######.....##
.........#.# #.###.#
.........#.# #.# #.#
..###.####.#
##.###.######## ......#
#.# #.............#
#[.####
#.#####...#.#######.# ##.#
####.....S.....# #.# #.)#
#.........@....# #.#
...####.########...#.# #.#
#........#######...#.#
##.##
...................#.#
##.#.##
............####<.##.#
##.###.##
...#####.##.......##.#
##.## ##.# ##.#
#.#######.###.# #.## ##.
#.# #.# #.###.####.## ##.#
#.###
#.#######)#.....###.###>##


You could see a water moccasin.

Vanquished Creatures
  An orc wizard (D:3)
  5 adders
  An adder skeleton (D:2)
  2 worms (D:3)
  A leopard gecko (D:2)
  8 orcs (D:3)
  A ball python (D:1)
  A giant cockroach (D:1)
  10 goblins
  4 hobgoblins
  2 jackals (D:3)
  A quokka (D:3)
  6 bats
  5 frilled lizards
  12 kobolds
  5 rats
65 creatures vanquished.

Notes
Turn   | Place    | Note
-------+----------+-------------------------------------------
     0 | D:1      | topirishpotato the Octopode Transmuter began the quest for the Orb.
     0 | D:1      | Reached XP level 1. HP: 13/13 MP: 3/3
    70 | D:1      | Reached XP level 2. HP: 13/18 MP: 3/5
   614 | D:1      | Learned a level 2 spell: Sticks to Snakes
   802 | D:1      | Reached XP level 3. HP: 23/23 MP: 4/6
  1333 | D:2      | Found a shattered altar of Ashenzari.
  1531 | D:2      | Reached skill level 4 in Unarmed Combat
  1693 | D:2      | Reached XP level 4. HP: 28/28 MP: 7/7
  2633 | D:3      | Reached XP level 5. HP: 30/33 MP: 8/8
  3322 | D:4      | Noticed a water moccasin
  3328 | D:3      | Succumbed to a water moccasin's poison

Vault maps used:
D:1:      dpeg_arrival_short_road
D:2:      nicolae_overflow_crystal_walls, first_ration

Skill      XL: |  1  2  3  4 |
---------------+-------------+-----
Unarmed Combat | 4 |  4.7
Transmutations | 3 |  3.3
Fighting       | |  1.0
Dodging        | |  2.7
Spellcasting   | |  2.0

Action                   |  1- 3 |  4- 6 || total
-------------------------+-------+-------++-------
Melee: Unarmed           |    66 |    68 ||   134
       Kick              |    12 |    14 ||    26
       Constrict         |    19 |    20 ||    39
       Tentacles         |    13 |    12 ||    25
       Punch             |       |     2 ||     2
 Cast: Beastly Appendage |    25 |    15 ||    40
  Use: Potion            |       |     1 ||     1
 Stab: Sleeping          |     5 |     3 ||     8
       Distracted        |       |     1 ||     1
  Eat: Ration            |     1 |       ||     1
       Chunk             |       |     4 ||     4
Armor: Skin              |     5 |     3 ||     8
Dodge: Dodged            |    51 |    52 ||   103

Table legend:
 A = Spawn XP
 B = Non-spawn XP
 C = Spawn XP percentage of total XP
 D = Spawn monster count
 E = Non-spawn monster count
 F = Spawn count percentage of total count
 G = Total turns spent on level
                    A         B        C        D         E        F      G
               +---------+---------+-------+---------+---------+-------+---------
         Total |       0 |     223 |   0.0 |       0 |      65 |   0.0 |  3328
               +---------+---------+-------+---------+---------+-------+---------
           D:1 |       0 |      38 |   0.0 |       0 |      25 |   0.0 |  1313
           D:2 |       0 |      78 |   0.0 |       0 |      17 |   0.0 |   793
           D:3 |       0 |     107 |   0.0 |       0 |      23 |   0.0 |  1216
               +---------+---------+-------+---------+---------+-------+---------
